 Dungeon Crawl Stone Soup version 0.28.0-53-g5a82cb258f (webtiles) character file.

Game seed: 1992377628067546621

7780 diana the Insei (level 10, -3/84 HPs)
             Began as a Demigod Transmuter on Aug 15, 2022.
             Slain by a salamander
             ... wielding a +1 trident of venom
              (13 damage)
             ... in a volcano on Aug 16, 2022.
             The game lasted 00:42:02 (15523 turns).

diana the Insei (Demigod Transmuter)               Turns: 15523, Time: 00:42:03

Health: -3/84      AC:  2    Str: 11    XL:     10   Next: 70%
Magic:  18/23      EV: 25    Int: 33    God:
Gold:   391        SH:  5    Dex: 19    Spells: 11/21 levels left

rFire   . . .      SeeInvis .     - Unarmed
rCold   . . .      Faith    .   (shield currently unavailable)
rNeg    . . .      Spirit   .   (armour currently unavailable)
rPois   .          Reflect  +   (helmet currently unavailable)
rElec   .          Harm     .   (cloak currently unavailable)
rCorr   .          Rampage  .   (gloves currently unavailable)
Will    +....                   (boots currently unavailable)
Stlth   ++........              r - amulet of reflection
HPRegen 0.24/turn               l - ring of poison resistance
MPRegen 0.18/turn               y - +6 ring of intelligence

@: spider-form (expiring), flying, very slightly contaminated
A: venomous fangs, tiny, high MP 1, forlorn, divine attributes
a: End Transformation


You were in a volcano.
You were a venomous arachnid creature.
You visited 2 branches of the dungeon, and saw 11 of its levels.
You also visited: Volcano.

You collected 391 gold pieces.

Inventory:

Armour
 a - a +0 robe (melded)
 c - a +0 cloak (melded)
 j - a +0 pair of boots (melded)
 A - a +0 pair of gloves (melded)
Jewellery
 g - an amulet of guardian spirit
 k - a ring of resist corrosion
 l - a ring of poison resistance (left front leg)
 r - an amulet of reflection (around neck)
 y - a +6 ring of intelligence (right front leg)
Wands
 q - a wand of charming (7)
 s - a wand of flame (31)
 E - a wand of digging (5)
Scrolls
 b - 2 scrolls of teleportation
 f - a scroll of brand weapon
 h - a scroll of fear
 i - 2 scrolls of silence
 n - 2 scrolls of vulnerability
 t - a scroll of fog {unknown}
 u - a scroll of immolation {unknown}
 v - 2 scrolls of noise
 x - a scroll of holy word {unknown}
 C - a scroll of amnesia {unknown}
 D - a scroll of acquirement {unknown}
 G - a scroll of enchant weapon {unknown}
Potions
 d - a potion of degeneration
 m - 5 potions of lignification
 o - 7 potions of curing
 p - 2 potions of cancellation
 z - a potion of mutation {unknown}
 F - 2 potions of brilliance
 H - a potion of haste
 I - 2 potions of ambrosia


   Skills:
 + Level 6.8 Fighting
 + Level 3.0 Armour
 + Level 7.1 Dodging
 + Level 7.4 Unarmed Combat
 + Level 6.4 Spellcasting
 + Level 7.0 Transmutations


You had 11 spell levels left.
You knew the following spells:

 Your Spells              Type           Power      Damage    Failure   Level
a - Beastly Appendage     Tmut           100%       N/A       2%          1
b - Wereblood             Tmut           54%        N/A       3%          2
c - Spider Form           Tmut/Pois      33%        N/A       11%         3
d - Ice Form              Ice/Tmut       33%        N/A       24%         4

Your spell library contained the following spells:

 Spells                   Type           Power      Damage    Failure   Level
 Magic Dart               Conj           40%        1d5       13%         1
 Call Imp                 Summ           10%        N/A       17%         2
 Dazzling Flash           Conj/Hex       20%        N/A       28%         3
 Mephitic Cloud           Conj/Pois/Air  10%        N/A       28%         3
 Yara's Violent Unravell  Hex/Tmut       16%        3d8       47%         5
 Anguish                  Hex/Necr       5%         N/A       61%         4
 Summon Hydra             Summ           5%         N/A       100%        7


Dungeon Overview and Level Annotations

Branches:
Dungeon (10/15)            Temple (0/1) D:6            Lair (1/6) D:8
Volcano (1/1)
    Orc: D:9-12

Shops:
D:4 ((   D:9 *

Annotations:
D:7 3 runed translucent doors, diceflayer's ghost, journeyman MiFi
D:8 1 runed translucent door


Innate Abilities, Weirdness & Mutations

You are a venomous arachnid creature.
You have poisonous fangs.
You are tiny and dextrous.
Your spellcasting is less reliable in this form.
Your armour is entirely melded.
You are incapable of wielding weapons or throwing items.
You have an increased reservoir of magic. (+10% MP)
You shall have no god before yourself.
Your divine heritage dramatically boosts your attributes as you level up.


Message History

It was a potion of flight.
You feel very buoyant.
You fly up into the air.
Okay, then.
Casting: Spider Form (mildly dangerous; 3% risk of failure)
Confirm with . or Enter, or press ? or * to list all spells.
You miscast Spider Form.
You are very lightly contaminated with residual magic.
Nothing appears to happen.
Casting: Spider Form (mildly dangerous; 3% risk of failure)
Confirm with . or Enter, or press ? or * to list all spells.
You turn into a venomous arachnid creature.
Your +0 cloak melds into your body.
Your +0 pair of gloves melds into your body.
Your +0 pair of boots melds into your body.
Your +0 robe melds into your body.
The salamander hits you from afar with a +1 trident of venom.
You are engulfed in flames!
The salamander hits you with a +1 trident of venom!!
You are engulfed in flames!
You bite the salamander!
The salamander is lightly wounded.
The salamander misses you.
You bite the salamander!
The salamander is poisoned.
The salamander is moderately wounded.
The salamander misses you.
You hit the salamander.
The salamander is moderately wounded.
The salamander hits you with a +1 trident of venom!
You are engulfed in flames!
* * * LOW HITPOINT WARNING * * *
You are too injured to fight recklessly!
You hit the salamander but do no damage.
The salamander looks as sick as possible!
The salamander is moderately wounded.
Your transformation is almost over.
The salamander hits you with a +1 trident of venom.
* * * LOW HITPOINT WARNING * * *
You are engulfed in flames!
You die...

#### ###
##..###.##
##.##...#.#
#.#######.#
#.##8###.##
####### ##.≈##.#.#
...##.# #.##.#.≈#
≈≈....####
##.#s###8#
§≈§.....8####.##N#
##
≈≈≈≈.........###.#
§≈≈§....8##### 8.8
§≈≈≈≈..### #.#
≈≈§≈≈...# .≈.
§≈§§§≈..## ≈.≈
≈§≈≈≈§≈..### .≈.
§§≈≈§§≈≈...#


You could see a salamander (extremely poisoned).

Vanquished Creatures
  3 cane toads (Lair:1)
  A troll (D:9)
  A hornet (D:10)
  A steam dragon (D:8)
  5 yaks (D:8)
  10 fire bats
  Edmund (D:6)
  3 water moccasins
  3 orc warriors
  2 sky beasts
  4 black bears
  An ice beast (D:6)
  An ogre (D:6)
  2 centaurs
  A phantom (D:6)
  A kobold brigand (D:9)
  8 bullfrogs
  A scorpion (D:8)
  A gnoll sergeant (D:6)
  A water moccasin zombie (D:7)
  A wyvern skeleton (D:6)
  7 killer bees
  10 wights
  A howler monkey (D:7)
  A bullfrog zombie (D:6)
  7 lava snakes (Volcano)
  3 jellies
  2 centaur zombies
  3 orc priests
  2 hounds
  An iguana (D:5)
  6 orc wizards
  A killer bee zombie (D:9)
  3 howler monkey zombies
  9 adders
  5 gnolls (D:6)
  2 shadow imps
  A white imp (D:6)
  An ufetubus (D:7)
  2 adder skeletons (D:4)
  2 worms
  A dart slug (D:5)
  19 orcs
  4 ball pythons
  7 bats
  6 endoplasms
  3 giant cockroaches
  9 goblins
  8 hobgoblins
  4 quokkas
  2 frilled lizards (D:3)
  12 kobolds
  4 rats (D:1)
200 creatures vanquished.

Vanquished Creatures (others)
  3 fungi (D:8)
  3 plants (D:8)
6 creatures vanquished.

Grand Total: 206 creatures vanquished

Notes
Turn   | Place    | Note
-------+----------+-------------------------------------------
     0 | D:1      | diana the Demigod Transmuter began the quest for the Orb.
     0 | D:1      | Reached XP level 1. HP: 15/15 MP: 5/5
   120 | D:1      | Reached skill level 1 in Fighting
   528 | D:1      | Reached XP level 2. HP: 21/23 MP: 7/7
  1250 | D:2      | Reached XP level 3. HP: 24/28 MP: 8/8
  1752 | D:2      | Learned a level 2 spell: Wereblood
  3086 | D:3      | Reached XP level 4. HP: 36/36 MP: 8/10
  3668 | D:4      | Found Cajorch's Weapon Shoppe.
  3679 | D:4      | Found Afefec's Weapon Shoppe.
  4264 | D:4      | Reached XP level 5. HP: 41/41 MP: 9/11
  4291 | D:4      | Learned a level 3 spell: Spider Form
  4543 | D:5      | Entered Level 5 of the Dungeon
  4925 | D:5      | Noticed a water moccasin
  5485 | D:5      | Noticed a black bear
  5546 | D:5      | Killed a water moccasin
  5547 | D:5      | Reached XP level 6. HP: 38/50 MP: 7/13
  6087 | D:6      | Found a staircase to the Ecumenical Temple.
  6458 | D:6      | Reached XP level 7. HP: 57/57 MP: 11/15
  6680 | D:6      | Noticed Edmund
  7667 | D:5      | Learned a level 4 spell: Ice Form
  7832 | D:6      | Reached XP level 8. HP: 55/66 MP: 11/17
  8098 | D:6      | Killed Edmund
  8460 | D:7      | Reached skill level 5 in Unarmed Combat
  8618 | D:7      | Found a runed translucent gate.
  8618 | D:7      | Found a runed translucent gate.
  8618 | D:7      | Found a runed translucent gate.
  8622 | D:7      | Noticed diceflayer's ghost (journeyman MiFi)
  8646 | D:7      | Got Sif Muna's Incunabulum of Creative Fascination
  9870 | D:8      | Reached skill level 5 in Dodging
  9962 | D:8      | Reached skill level 5 in Transmutations
 10388 | D:8      | You fall into a shaft and drop 1 floor!
 10492 | D:8      | Reached skill level 5 in Fighting
 10506 | D:8      | Reached XP level 9. HP: 62/74 MP: 9/19
 10533 | D:8      | Reached skill level 5 in Spellcasting
 11021 | D:8      | Found a staircase to the Lair.
 11589 | D:8      | Found a runed translucent door.
 11622 | D:8      | Noticed a sixfirhy
 12308 | D:9      | Found Qikloexa's Fire Supplies.
 13883 | D:10     | Entered Level 10 of the Dungeon
 13927 | D:10     | Reached skill level 1 in Armour
 13927 | D:10     | Reached XP level 10. HP: 79/83 MP: 15/22
 14149 | Lair:1   | Entered Level 1 of the Lair of Beasts
 14569 | Lair:1   | Found a dark tunnel.
 14578 | Volcano  | Entered a volcano
 15511 | Volcano  | Noticed a salamander
 15523 | Volcano  | Slain by a salamander

Illustrated notes

Levels and vault maps discovered:
D:1:      beargit_arrival_diablo_church, layout_basic,
          hellmonk_ecumenical_altar_arch_garden
D:2:      layout_rooms, basic_altar
D:3:      layout_basic, hangedman_decor_riveting
D:4:      layout_cave_pools, nicolae_wooded_promenade
D:5:      layout_loops_corners, kennysheep_crisscross
D:6:      layout_gridville, minmay_temple_entry_poolview, uniq_edmund
D:7:      layout_basic, minitemple, ebering_ghost_gozag
D:8:      layout_basic, nzn_makhleb_speed_demon, grunt_lair_entry_orc_guard_hut,
          kennysheep_another_room
D:9:      layout_irregular_city, nicolae_shop_fire_sale [nicolae_sub_dead_trees]
D:10:     layout_gridville, hangedman_abyss_or_decor_lesser_grid
Lair:1:   layout_concentric_octagons, nicolae_volcano_entry_batcave,
          beast_lair_carwin_4
Volcano:  volcano_grotto [vgs_hot_hot_hot]

Skill      XL: |  1  2  3  4  5  6  7  8  9 10 |
---------------+-------------------------------+-----
Fighting       | 1 2 3 4 5 6 |  6.8
Transmutations | 2 3 4 5 6 7 |  7.0
Dodging        | 2 3 4 5 6 7 |  7.1
Spellcasting   | 2 3 4 5 6 |  6.4
Unarmed Combat | 3 4 5 6 7 |  7.4
Armour         | 1 3 |  3.0

Action                   |  1- 3 |  4- 6 |  7- 9 | 10-12 || total
-------------------------+-------+-------+-------+-------++-------
Melee: Unarmed           |   155 |   146 |   379 |   103 ||   783
       Kick              |    33 |    35 |     2 |       ||    70
       Headbutt          |    20 |    25 |     3 |       ||    48
       Punch             |     2 |     4 |     5 |       ||    11
 Cast: Beastly Appendage |    34 |    28 |    10 |       ||    72
       Wereblood         |       |     1 |    11 |     4 ||    16
       Spider Form       |       |     4 |    34 |     6 ||    44
       Ice Form          |       |       |    10 |     6 ||    16
Evoke: Wand              |       |       |     2 |       ||     2
  Use: Potion            |     3 |       |     1 |     1 ||     5
       Scroll            |     1 |     1 |    10 |     5 ||    17
 Stab: Sleeping          |     2 |     1 |     1 |       ||     4
       Distracted        |     1 |       |       |       ||     1
Armor: Robe              |    27 |    15 |     8 |     1 ||    51
       Skin              |       |     4 |    32 |    27 ||    63
Dodge: Dodged            |    78 |   117 |   347 |   127 ||   669
Block: Other             |       |       |       |    12 ||    12
